 Dungeon Crawl Stone Soup version 0.28-a0-863-g8cecda6153 (webtiles) character file.

Game seed: 16577986432014305653

49 jbasstz the Skirmisher (level 3, 0/32 HPs)
             Began as a Palentonga Berserker on Nov 16, 2021.
             Was a Follower of Trog.
             Succumbed to an adder's poison
             ... on level 3 of the Dungeon.
             The game lasted 00:05:16 (2548 turns).

jbasstz the Skirmisher (Palentonga Berserker)       Turns: 2548, Time: 00:05:17

Health: 0/32       AC:  6    Str: 21    XL:     3   Next: 53%
Magic:  3/3        EV:  7    Int:  7    God:    Trog [*.....]
Gold:   78         SH:  2    Dex:  9    Spells: 2/2 levels left

rFire   . . .      SeeInvis +   a - +0 falchion
rCold   . . .      Faith    .   d - +0 buckler
rNeg    . . .      Spirit   .   g - +0 scale mail
rPois   .          Reflect  .   (no helmet)
rElec   .          Harm     .   (no cloak)
rCorr   .          Rampage  .   (no gloves)
Will    .....                   (no barding)
Stlth   ..........              (no amulet)
HPRegen 0.10/turn               (no ring)
MPRegen 0.08/turn               (no ring)

@: lethally poisoned (0 -> -4)
A: large, rugged brown scales 3, see invisible, deformed body, roll 1, armoured
tail
a: Rolling Charge, Renounce Religion, Berserk


You were on level 3 of the Dungeon.
You worshipped Trog.
Trog was aware of your devotion.
You visited 1 branch of the dungeon, and saw 3 of its levels.

You collected 78 gold pieces.

Inventory:

Hand Weapons
 a - a +0 falchion (weapon)
Armour
 b - a +0 animal skin
 d - a +0 buckler (worn)
 g - a +0 scale mail (worn)
Wands
 j - a wand of mindburst (14)
Scrolls
 c - 2 scrolls of teleportation {unknown}
 e - 3 scrolls of vulnerability {unknown}
 f - a scroll of identify {unknown}
Potions
 h - a potion of curing {unknown}
 i - a potion of haste {unknown}


   Skills:
 + Level 3.7 Fighting
 + Level 3.4 Long Blades
 + Level 2.0 Armour
 + Level 1.9 Dodging


You had 2 spell levels left.
You didn't know any spells.
Your spell library was empty.

Dungeon Overview and Level Annotations

Branches:
Dungeon (3/15)

Altars:
The Shining One


Innate Abilities, Weirdness & Mutations

You are completely covered in rugged brown scales. (AC +3, +7% HP)
You have supernaturally acute eyesight. (SInv)
Armour fits poorly on your strangely shaped body.
You can roll at nearby foes to attack.
You have a long armoured tail.


Message History

You completely miss the adder. The adder bites you.
You closely miss the adder. The adder bites you.
You are poisoned.
The adder poisons you! The adder barely misses you.
You closely miss the adder.
You feel sick. The adder bites you.
You closely miss the adder.
Your tail-slap misses the adder.
You feel sick. The adder bites you but does no damage.
The adder barely misses you.
You miss the adder.
Your tail-slap misses the adder.
You feel sick. You block the adder's attack.
You barely miss the adder.
You feel sick. The adder barely misses you. The adder bites you.
You are more poisoned.
The adder poisons you!
You hit the adder.
The adder is lightly wounded.
You feel sick. The adder bites you. The adder bites you but does no damage.
You slash the adder!
The adder is severely wounded.
You feel sick. The adder bites you.
* * * LOW HITPOINT WARNING * * *
You barely miss the adder.
The adder is severely wounded.
You feel sick. The adder completely misses you. The adder bites you.
* * * LOW HITPOINT WARNING * * *
You are lethally poisoned!
The adder poisons you!
You miss the adder.
Your tail-slap misses the adder.
The adder is severely wounded.
* * * LOW HITPOINT WARNING * * *
You feel sick. The adder bites you but does no damage.
You hit the adder.
You kill the adder!
Trog accepts your kill.
* * * LOW HITPOINT WARNING * * *
You feel sick.
Your Armour skill increases to level 2!
There is a lethal amount of poison in your body!
There is a lethal amount of poison in your body!
There is a lethal amount of poison in your body!
You die...

.## ..# #.# #.# #.#
#.# #.# #@# #.#
#########.# # #
........#.##...# #.
#.#....>..... #..
#...#.##...## ##..##
##.##.# ....
......####.##.#######
..................


There were no monsters in sight!

Vanquished Creatures
  An adder (D:3)
  A worm (D:2)
  2 ball pythons
  3 bats
  3 endoplasms
  4 giant cockroaches
  4 goblins
  3 hobgoblins (D:1)
  5 jackals
  A quokka (D:1)
  4 rats
31 creatures vanquished.

Notes
Turn   | Place    | Note
-------+----------+-------------------------------------------
     0 | D:1      | jbasstz the Palentonga Berserker began the quest for the
                  | Orb.
     0 | D:1      | Reached XP level 1. HP: 19/19 MP: 1/1
   402 | D:1      | Reached XP level 2. HP: 25/25 MP: 2/2
  1247 | D:2      | Reached XP level 3. HP: 20/31 MP: 3/3
  1809 | D:2      | Found a glowing golden altar of the Shining One.
  2547 | D:3      | HP: 1/32 [poisoned by an adder]
  2548 | D:3      | Succumbed to an adder's poison

Illustrated notes

Levels and vault maps discovered:
D:1:      dpeg_arrival_fog, layout_loops_corners, minmay_misc_feat_pillars
D:2:      layout_basic, basic_altar, serial_co_window_serial,
          co_window_corner_a, co_window_paths_b, co_window_corner_a,
          co_window_corner_a, co_window_paths_a, co_window_broadway_b,
          co_window_corner_cb, co_window_corner_cb, co_window_unsneaky_path_c,
          co_window_2corner, co_window_corner_b, co_window_4corner_b,
          glass_columns_b, glass_columns_c, glass_columns_c
D:3:      minmay_skewed_foursquare, layout_loops_ring,
          mainiacjoe_overflow_catwalk, basic_ecumenical_altar

Skill      XL: |  1  2  3 |
---------------+----------+-----
Armour         | 2 |  2.0
Fighting       | |  3.7
Long Blades    | |  3.4
Dodging        | |  1.9

Action                   || total
-------------------------++-------
Melee: Falchion          ||    86
       Tailslap          ||     5
Armor: Animal skin       ||    12
       Scale mail        ||    66
Dodge: Dodged            ||    45
Block: Buckler           ||    14

Table legend: (Time is in decaauts)
 A = Elapsed time spent in this place.
 B = Non-inter-level travel time spent in this place.
 C = Inter-level travel time spent in this place.
 D = Time resting spent in this place.
 E = Time spent auto-exploring this place.
 F = Levels seen in this place.
 G = Mean time per level.
                   A        B        C        D        E       F      G
               +--------+--------+--------+--------+--------+-----+--------+
         Total |   2564 |   2564 |      0 |    245 |   1908 |   3 |  854.7 |
       Dungeon |   2564 |   2564 |      0 |    245 |   1908 |   3 |  854.7 |
               +--------+--------+--------+--------+--------+-----+--------+

Top non-repeatable levels by time:
     D:2: 1270 daAuts
     D:1: 1000 daAuts
     D:3: 293 daAuts
